 Dungeon Crawl Stone Soup version 0.22.1-1-ga44c0e5 (webtiles) character file.

3290 Fang the Cleaver (level 10, -1/63 HPs)
             Began as a Gargoyle Berserker on Oct 31, 2018.
             Was an Elder of Trog.
             Slain by an unseen horror (4 damage)
             ... on level 9 of the Dungeon.
             The game lasted 00:08:50 (8852 turns).

Fang the Cleaver (Gargoyle Berserker)               Turns: 8852, Time: 00:08:50

Health: -1/63      AC: 15    Str: 24    XL:     10   Next: 1%
Magic:  10/10      EV: 12    Int:  8    God:    Trog [****..]
Gold:   443        SH:  0    Dex:  9    Spells: 9/9 levels left

rFire    + . .     SeeInvis .   a - +0 hand axe
rCold    + + .     Gourm    .   (no shield)
rNeg     + . .     Faith    .   i - +0 scale mail (curse)
rPois    ∞         Spirit   .   (no helmet)
rElec    +         Reflect  .   s - scarf {rC+ rF+}
rCorr    .         Harm     .   (no gloves)
MR       .....                  (no boots)
Stlth    ..........             (no amulet)
HPRegen  0.20/turn              A - ring of protection from cold
MPRegen  0.12/turn              (no ring)

@: berserk cooldown
A: negative energy resistance 1, electricity resistance, unbreathing,
petrification resistance, rot immunity, AC +7
a: Berserk, Trog's Hand, Brothers in Arms, Renounce Religion


You were on level 9 of the Dungeon.
You worshipped Trog.
Trog was greatly pleased with you.
You were hungry.

You visited 2 branches of the dungeon, and saw 10 of its levels.
You also visited: Sewer.

You collected 443 gold pieces.

Inventory:

Hand Weapons
 a - a +0 hand axe (weapon)
Armour
 b - a +0 animal skin
 i - a cursed +0 scale mail (worn)
 s - a scarf of resistance (worn)
Jewellery
 A - a ring of protection from cold (left hand)
Wands
 v - a wand of enslavement (14)
 G - a wand of flame (24)
 I - a wand of scattershot (5)
 J - a wand of clouds (3)
Scrolls
 e - 7 scrolls of remove curse {unknown}
 g - 12 scrolls of identify {unknown}
 h - a scroll of fog {unknown}
 j - 5 scrolls of blinking {unknown}
 k - 2 scrolls of amnesia {unknown}
 n - 2 scrolls of teleportation {unknown}
 p - 2 scrolls of enchant weapon {unknown}
 t - a scroll of noise {unknown}
 u - 3 scrolls of enchant armour {unknown}
 y - a scroll of fear {unknown}
 z - a scroll of magic mapping {unknown}
 B - a scroll of immolation {unknown}
 C - a scroll of random uselessness {unknown}
 D - a scroll of vulnerability {unknown}
 H - a scroll of torment {unknown}
Potions
 d - a potion of heal wounds {unknown}
 f - a potion of agility {unknown}
 l - 2 potions of curing {unknown}
 m - 2 potions of ambrosia {unknown}
 o - 2 potions of invisibility {unknown}
 q - a potion of degeneration {unknown}
 r - 3 potions of berserk rage {unknown}
 w - a potion of brilliance {unknown}
 x - 2 potions of mutation {unknown}
 E - a potion of flight {unknown}
 F - 3 potions of might {unknown}
Comestibles
 c - 14 rations
 K - 5 chunks of flesh


   Skills:
 + Level 7.1 Fighting
 + Level 8.7 Axes
 + Level 7.8 Armour
 + Level 4.2 Dodging
 + Level 2.4 Stealth


You had 9 spell levels left.
You didn't know any spells.
Your spell library was empty.

Dungeon Overview and Level Annotations

Branches:
Dungeon (9/15)             Temple (1/1) D:6
   Lair: D:8-11         Orc: D:9-12

Altars:
Cheibriados
Dithmenos
Fedhas
Gozag
Nemelex Xobeh
Okawaru
Vehumet
Xom
Zin
The Shining One

Shops:
D:4 }   D:5 (   D:7 ?:(**   D:8 }


Innate Abilities, Weirdness & Mutations

You are resistant to torment.
Your stone body is resilient. (AC +7)
You are immune to poison.
You resist negative energy. (rN+)
You are resistant to electric shocks. (rElec)
You can survive without breathing.
You are immune to petrification.
You are immune to rotting.


Message History

* * * LOW HITPOINT WARNING * * *
Something hits you.
* * * LOW HITPOINT WARNING * * *
You miss something. Something hits you but does no damage.
You barely miss something. Something hits you.
* * * LOW HITPOINT WARNING * * *
You swing at nothing.
Something hits you but does no damage.
You hit something but do no damage. Something hits you but does no damage.
You closely miss something. Something hits you but does no damage.
You barely miss something. Something hits you but does no damage.
You miss something. Something hits you but does no damage.
You swing at nothing.
Something hits you but does no damage.
You feel yourself speed up. Something hits you but does no damage.
Something hits you.
* * * LOW HITPOINT WARNING * * *
There is a stone staircase leading up here.
Something barely misses you. Something hits you.
* * * LOW HITPOINT WARNING * * *
Something hits you.
You die...

......# ......# ......#
....†.# .
......################..
<......(<...%....%..)...
.......)................
...........†.)..........
........(((..†..@.......
..........!.............
...............(........
......$.................
......#############...##
?..... #### ...... ....


There were no monsters in sight!

Vanquished Creatures
  A hippogriff (D:8)
  A wyvern (D:8)
  Purgy (Sewer)
  4 sky beasts
  2 black bears (D:8)
  2 ice beasts
  4 ogres
  3 centaurs
  A big kobold (Sewer)
  4 bullfrogs
  5 killer bees (D:9)
  A howler monkey (D:6)
  3 crimson imps
  A centaur zombie (D:7)
  2 bullfrog zombies
  2 jellies
  An orc priest (D:7)
  3 hounds
  4 orc wizards
  Ijyb (D:4)
  6 worker ants
  A hound zombie (D:6)
  A worker ant zombie (D:9)
  4 gnolls (D:4)
  A river rat (D:4)
  10 adders
  2 shadow imps
  2 adder skeletons
  4 worms
  3 dart slugs
  9 leopard geckos
  6 orcs
  8 giant cockroaches
  9 goblins
  10 hobgoblins
  13 jackals
  3 quokkas
  4 ball pythons
  10 bats
  3 frilled lizards
  A jackal skeleton (D:6)
  6 kobolds
  A leopard gecko zombie (D:5)
  8 rats
171 creatures vanquished.

Notes
Turn   | Place    | Note
-------+----------+-------------------------------------------
     0 | D:1      | Fang the Gargoyle Berserker began the quest for the Orb.
     0 | D:1      | Reached XP level 1. HP: 14/14 MP: 1/1
   235 | D:1      | Reached XP level 2. HP: 17/19 MP: 2/2
   240 | D:1      | Reached skill level 3 in Axes
   928 | D:2      | Reached XP level 3. HP: 23/23 MP: 3/3
  1092 | D:2      | Found a radiant altar of Vehumet.
  1105 | D:2      | Found a sparkling altar of Nemelex Xobeh.
  1107 | D:2      | Found a snail-covered altar of Cheibriados.
  1314 | D:2      | Reached ** piety under Trog
  1314 | D:2      | Reached XP level 4. HP: 26/29 MP: 4/4
  2017 | D:3      | Reached skill level 4 in Axes
  2017 | D:3      | Reached XP level 5. HP: 22/33 MP: 5/5
  2242 | D:3      | Found an iron altar of Okawaru.
  2693 | D:4      | Noticed Ijyb
  2700 | D:4      | Noticed an ogre
  2718 | D:4      | Killed an ogre
  2718 | D:4      | Reached XP level 6. HP: 34/39 MP: 6/6
  2722 | D:4      | Killed Ijyb
  2920 | D:4      | Reached *** piety under Trog
  2923 | D:4      | Found a glowing drain.
  2933 | Sewer    | Entered a sewer
  2960 | Sewer    | Reached skill level 5 in Axes
  3078 | Sewer    | Noticed Purgy
  3101 | Sewer    | Killed Purgy
  3101 | Sewer    | Reached XP level 7. HP: 27/44 MP: 7/7
  3210 | D:4      | Found Lobb's Gadget Shoppe.
  3527 | D:4      | Reached skill level 1 in Stealth
  3970 | D:5      | Entered Level 5 of the Dungeon
  4034 | D:5      | Found a blossoming altar of Fedhas.
  4066 | D:5      | Reached skill level 5 in Fighting
  4096 | D:5      | Found Lajusour's Antique Weapon Emporium.
  4256 | D:5      | Reached skill level 6 in Axes
  4709 | D:5      | Reached XP level 8. HP: 35/50 MP: 8/8
  5264 | D:5      | Reached skill level 5 in Armour
  5875 | D:6      | Found a staircase to the Ecumenical Temple.
  5911 | Temple   | Entered the Ecumenical Temple
  5940 | D:6      | Found a glowing silver altar of Zin.
  6426 | D:7      | Found a shadowy altar of Dithmenos.
  6452 | D:7      | Found Qug Lole's General Store.
  6464 | D:7      | Found Oshruq's Antique Weapon Shop.
  6482 | D:7      | Reached **** piety under Trog
  6583 | D:7      | Reached skill level 7 in Axes
  6766 | D:7      | Reached XP level 9. HP: 55/55 MP: 9/9
  6802 | D:7      | Found Ciump's Book Shoppe.
  6836 | D:7      | Found Sita's Magic Scroll Shop.
  7170 | D:7      | Found Oraus's General Store.
  7776 | D:8      | Found an opulent altar of Gozag.
  7776 | D:8      | Found a shimmering altar of Xom.
  8051 | D:8      | Found Ruodghat's Gadget Shop.
  8104 | D:8      | Reached skill level 8 in Axes
  8829 | D:9      | Reached XP level 10. HP: 28/63 MP: 10/10
  8852 | D:9      | HP: 3/63 [something (3)]
  8852 | D:9      | Slain by an unseen horror

Skill      XL: |  1  2  3  4  5  6  7  8  9 |
---------------+----------------------------+-----
Axes           | 3 4 5 6 7 8 |  8.7
Dodging        | 2 3 4 |  4.2
Fighting       | 4 5 6 7 |  7.1
Armour         | 3 4 6 7 |  7.8
Stealth        | 1 2 |  2.4

Action                   |  1- 3 |  4- 6 |  7- 9 | 10-12 || total
-------------------------+-------+-------+-------+-------++-------
Melee: Hand axe          |   115 |   237 |   561 |     3 ||   916
Invok: Berserk           |       |     2 |     8 |       ||    10
  Eat: Chunk             |     1 |     7 |    20 |       ||    28
       Ration            |       |       |     2 |       ||     2
Armor: Animal skin       |    26 |       |       |       ||    26
       Scale mail        |    29 |   150 |   343 |    19 ||   541
Dodge: Dodged            |    81 |   158 |   349 |     3 ||   591
